Map: Taito Citadel LE

Players

SortOf

  • Race: Zerg Zerg
  • League: Grandmaster
  • Spawn Location: 5:00

donk - Winner!

  • Race: Terran Terran
  • League: Grandmaster
  • Spawn Location: 11:00

VOD

Have the link to the VOD?

Description

Time

  • Played on: Nov. 29, 2025, 2:24 a.m.
  • Length: 28:32
Show
View Real Time Build Order
Export as new Build Order

SortOf Zerg 

Build Orders: Hatch First, Lurkers 

Get SALT Encoding   

  12  0:00  Drone  
  13  0:07  Drone  
  13  0:13  Extractor  
  13  0:14  Drone  
  15  0:21  Overlord  
  15  0:41  Drone  
  16  0:45  Hatchery  
  16  0:49  Drone  
  16  0:52  Drone  
  16  0:56  Drone  
  18  1:05  Extractor  
  18  1:11  Spawning Pool  
  16  1:14  Drone  
  16  1:17  Drone  
  18  1:27  Drone  
  19  1:38  Drone  
  20  1:48  Drone  
  21  1:57  Queen x2  
  21  1:58  Zergling x2  
  21  1:59  Zergling x2  
  27  2:08  Overlord  
  27  2:09  Drone  
  28  2:27  Drone x2  
  29  2:30  Drone  
  29  2:32  Drone  
  29  2:33  Queen  
  33  2:39  Metabolic Boost  
  33  2:40  Overlord  
  33  2:41  Drone  
  34  2:53  Hatchery  
  34  2:58  Drone x2  
  35  3:03  Drone  
  36  3:07  Drone x3  
  36  3:11  Drone x2  
  41  3:14  Overlord  
  41  3:21  Queen  
  43  3:32  Queen, Overlord  
  43  3:34  Drone  
  46  3:35  Drone  
  46  3:37  Zergling x2  
  46  3:38  Drone  
  46  3:40  Drone  
  50  3:49  Drone x2  
  50  3:51  Drone x2  
  54  4:01  Queen  
  55  4:04  Overlord  
  55  4:05  Queen  
  55  4:08  Zergling x6  
  60  4:15  Queen  
  62  4:23  Overlord  
  63  4:24  Drone x5  
  63  4:26  Overlord  
  63  4:28  Drone  
  68  4:32  Zergling x2, Overlord  
  68  4:33  Drone  
  68  4:37  Drone  
  70  4:45  Lair  
  70  4:46  Drone x5  
  70  4:50  Spore Crawler  
  70  4:52  Spore Crawler  
  73  4:58  Drone x2  
  73  5:01  Drone x4  
  78  5:07  Drone x2  
  78  5:11  Spore Crawler  
  78  5:15  Hatchery  
  78  5:18  Drone x7  
  84  5:22  Extractor x2  
  84  5:24  Extractor, Evolution Chamber x2, Baneling Nest  
  84  5:26  Zergling x6  
  81  5:29  Drone x4  
  85  5:35  Hatchery  
  84  5:45  Queen, Overseer  
  84  5:49  Hatchery  
  85  5:54  Overlord  
  85  5:55  Overseer  
  85  5:58  Zergling x20  
  85  6:01  Zerg Melee Weapons Level 1  
  95  6:04  Zerg Ground Armor Level 1  
  95  6:06  Overlord  
  96  6:11  Hatchery  
  96  6:13  Drone x4  
  96  6:17  Baneling x5  
  98  6:19  Overlord  
  98  6:20  Drone x2  
  98  6:25  Drone x4  
  103  6:33  Drone x5  
  107  6:40  Zergling x12  
  107  6:44  Baneling x6  
  113  6:49  Hatchery  
  113  6:52  Hatchery  
  111  6:56  Zergling x8  
  115  7:01  Centrifugal Hooks  
  115  7:06  Extractor, Drone x4  
  115  7:07  Spore Crawler  
  117  7:11  Zergling x12  
  123  7:18  Queen  
  125  7:25  Overlord  
  125  7:26  Overlord x7  
  125  7:29  Baneling x11  
  122  7:46  Zergling x24  
  125  8:01  Drone x12  
  125  8:03  Drone  
  131  8:07  Drone  
  132  8:14  Zergling x14  
  132  8:15  Zerg Ground Armor Level 2, Zerg Melee Weapons Level 2  
  132  8:19  Drone  
  141  8:20  Overlord, Extractor, Drone x2, Hydralisk Den  
  141  8:21  Drone x3  
  141  8:22  Infestation Pit  
  150  8:27  Zergling x16  
  150  8:36  Zergling x6  
  150  8:37  Zergling x6  
  153  8:44  Zergling x10  
  158  8:50  Zergling x14  
  160  8:56  Zergling x16  
  160  9:02  Hatchery  
  165  9:03  Hive  
  165  9:06  Hydralisk  
  165  9:07  Hydralisk x3  
  173  9:18  Zergling x16  
  173  9:23  Baneling x5  
  181  9:25  Spore Crawler  
  181  9:26  Hydralisk x4  
  181  9:28  Overseer  
  181  9:29  Overseer  
  188  9:31  Extractor  
  188  9:35  Pneumatized Carapace  
  187  9:43  Baneling  
  187  9:44  Baneling x10  
  187  9:46  Baneling  
  187  9:47  Baneling x9  
  187  9:50  Zergling x6  
  187  9:51  Overlord x2  
  158  10:00  Zergling x32  
  158  10:02  Zergling x2  
  158  10:05  Zergling x8  
  163  10:08  Muscular Augments  
  163  10:09  Hydralisk  
  163  10:12  Burrow  
  163  10:14  Infestor  
  163  10:16  Zergling x6  
  166  10:22  Zergling x14  
  172  10:28  Zergling x8  
  172  10:34  Viper  
  175  10:36  Drone x3  
  175  10:39  Spore Crawler  
  175  10:40  Zergling x10  
  182  10:46  Zergling x18  
  189  10:51  Hatchery, Zerg Melee Weapons Level 3  
  189  10:55  Zerg Ground Armor Level 3  
  188  11:05  Zergling x16  
  188  11:10  Baneling x6  
  196  11:12  Grooved Spines  
  189  11:22  Zergling x36  
  189  11:23  Hydralisk  
  183  11:27  Hydralisk x4  
  191  11:33  Drone  
  191  11:35  Lurker Den  
  191  11:36  Extractor, Drone  
  191  11:37  Drone x4  
  191  11:38  Zergling x4, Extractor  
  194  11:45  Zergling x12  
  192  11:47  Baneling x2  
  192  11:49  Zergling x6  
  187  11:55  Zergling x12  
  183  12:03  Zergling x14  
  183  12:06  Zergling x6  
  178  12:11  Zergling x8  
  178  12:15  Zergling x4  
  175  12:16  Hydralisk x2  
  169  12:27  Hydralisk x9  
  187  12:32  Seismic Spines  
  187  12:33  Zergling x14  
  187  12:35  Baneling x10  
  194  12:38  Zergling x12  
  196  12:52  Zergling x18  
  196  12:54  Infestor x2  
  196  12:56  Lurker  
  198  13:04  Zergling x10  
  197  13:09  Zergling x14  
  197  13:10  Zergling x12  
  189  13:16  Extractor  
  189  13:18  Baneling x5  
  186  13:20  Zergling x14  
  193  13:28  Zerg Missile Weapons Level 1  
  193  13:29  Adaptive Talons  
  193  13:30  Zergling x10  
  182  13:34  Zergling x10  
  182  13:39  Zergling x8  
  183  13:45  Zergling x8  
  183  13:48  Zergling x4  
  182  14:01  Overlord, Baneling x4  
  182  14:02  Baneling x5  
  182  14:07  Overseer x2  
  182  14:08  Overseer x3  
  173  14:10  Drone  
  173  14:11  Drone x4  
  173  14:12  Drone x3  
  173  14:14  Drone x4  
  185  14:20  Nydus Network  
  184  14:25  Hydralisk, Lurker x6  
  184  14:29  Overlord  
  192  14:35  Zergling x2  
  192  14:36  Hatchery  
  192  14:39  Overlord  
  192  14:40  Hatchery, Overseer  
  189  14:50  Zergling x2  
  189  14:51  Zergling x40  
  199  15:08  Baneling x3  
  199  15:11  Unknown  
  193  15:14  Spire  
  193  15:16  Hydralisk  
  193  15:17  Hydralisk x2  
  193  15:22  Zergling x16  
  193  15:27  Zergling x26  
  199  15:31  Zergling x22  
  199  15:33  Infestor  
  199  15:34  Nydus Canal  
  199  15:42  Zergling x8  
  199  15:44  Overseer  
  199  16:00  Nydus Canal  
  199  16:02  Baneling x8  
  191  16:16  Zergling x56  
  182  16:21  Drone x3  
  185  16:30  Baneling x5  
  185  16:31  Hydralisk x4, Lurker x7  
  200  16:33  Zerg Missile Weapons Level 2  
  200  16:36  Nydus Canal  
  200  16:59  Baneling  
  200  17:00  Baneling x8  
  199  17:05  Greater Spire  
  199  17:08  Nydus Canal  
  199  17:27  Zergling x26  
  193  17:33  Zergling x18  
  199  17:37  Nydus Canal  
  199  17:54  Zergling x20  
  195  18:00  Zergling x16  
  195  18:01  Zergling x2  
  199  18:06  Nydus Canal  
  199  18:09  Overlord  
  199  18:11  Overseer  
  199  18:14  Spore Crawler  
  199  18:17  Extractor x2  
  199  18:18  Drone x3, Spore Crawler  
  195  18:22  Zergling x14  
  196  18:28  Baneling x8  
  196  18:29  Baneling x3  
  193  18:40  Hydralisk x4  
  193  18:41  Hydralisk x4  
  192  18:43  Hydralisk  
  192  18:44  Hydralisk x6  
  192  18:46  Hydralisk x5  
  198  18:52  Baneling x10  
  194  18:59  Zergling x14  
  194  19:01  Overseer  
  191  19:10  Zergling x16  
  191  19:15  Zergling x14  
  199  19:23  Zergling x4  
  198  19:26  Hydralisk  
  200  19:31  Zergling x16  
  200  19:35  Overlord  
  200  19:48  Infestor x2  
  198  19:56  Zerg Flyer Weapons Level 1  
  196  20:00  Extractor  
  196  20:01  Extractor  
  196  20:06  Drone x5  
  199  20:08  Extractor  
  199  20:09  Extractor  
  199  20:12  Baneling x9  
  196  20:22  Infestor  
  196  20:25  Nydus Canal  
  198  20:41  Nydus Canal  
  199  20:42  Drone x2  
  199  20:51  Zergling x2  
  199  20:56  Overseer  
  191  20:59  Zergling x22  
  194  21:11  Zergling x12  
  200  21:13  Overseer  
  200  21:31  Nydus Canal  
  200  21:37  Baneling x5  
  200  21:38  Baneling x3  
  200  21:50  Zerg Flyer Armor Level 1  
  199  22:13  Zergling x36  
  199  22:15  Microbial Shroud  
  190  22:17  Zergling x20  
  190  22:22  Nydus Canal  
  191  22:32  Zergling x24  
  199  22:37  Spore Crawler  
  199  22:38  Spore Crawler  
  199  22:39  Spire  
  199  22:43  Spore Crawler  
  195  22:44  Spore Crawler  
  195  22:45  Baneling x5  
  195  22:48  Spore Crawler  
  195  22:49  Spore Crawler  
  182  22:51  Overseer  
  182  22:52  Zergling x42, Spore Crawler  
  199  23:00  Baneling x6  
  199  23:02  Overseer  
  198  23:17  Nydus Canal  
  196  23:24  Zergling x48  
  188  23:29  Infestor  
  188  23:30  Zergling x28  
  198  23:41  Zergling x20  
  185  23:58  Zergling x32  
  185  24:01  Lurker x5  
  185  24:02  Baneling x4  
  193  24:03  Baneling x17  
  193  24:05  Hydralisk x3  
  199  24:12  Zergling x2  
  178  24:17  Zergling x2  
  178  24:18  Zergling x6  
  178  24:22  Hydralisk x13  
  188  24:24  Zerg Flyer Armor Level 2  
  188  24:25  Zerg Flyer Weapons Level 2  
  188  24:28  Overlord x2  
  188  24:40  Overlord  
  188  24:41  Overseer x3  
  188  24:42  Overseer x4  
  178  24:50  Nydus Canal  
  164  25:01  Overseer  
  164  25:03  Zergling x10  
  164  25:04  Zergling x4  
  145  25:07  Corruptor x11  
  145  25:08  Corruptor x2  
  145  25:10  Zergling x24  
  175  25:23  Infestor x3  
  175  25:26  Zergling x22  
  188  25:38  Baneling x4  
  186  25:48  Zergling x32  
  186  25:53  Zergling x16  
  188  26:03  Zergling x26  
  190  26:06  Zergling x4  
  184  26:11  Zergling x2  
  184  26:14  Zergling x6  
  184  26:15  Hydralisk x6  
  178  26:24  Overlord x6  
  178  26:25  Overseer x4  
  157  26:37  Baneling x5  
  157  26:41  Overlord  
  153  26:54  Infestor x4  
  153  26:57  Zergling x4  
  153  26:58  Zergling x24  
  175  27:03  Zergling x12  
  175  27:04  Lurker  
  175  27:05  Lurker  
  171  27:19  Zergling x18  
  171  27:20  Zergling x6  
  173  27:23  Overlord x4  
  173  27:24  Overlord x3  
  169  27:36  Zergling x14  
  157  27:40  Overlord  
  146  27:50  Overlord, Overseer x2  
  146  27:51  Overseer x2  
Show
View Real Time Build Order
Export as new Build Order

donk Terran - Winner!

Build Orders: Reaper Expand, Hellion Banshee 

Get SALT Encoding   

  12  0:00  SCV  
  13  0:12  SCV  
  14  0:17  Supply Depot  
  14  0:24  SCV  
  15  0:38  SCV  
  15  0:40  Barracks  
  16  0:43  Refinery  
  16  0:50  SCV  
  17  1:02  SCV  
  18  1:14  SCV  
  19  1:26  Reaper  
  19  1:27  Orbital Command  
  20  1:39  Command Center  
  20  1:47  Supply Depot  
  20  1:52  SCV  
  21  1:58  Marine  
  22  2:05  SCV  
  23  2:10  Factory  
  23  2:17  SCV  
  23  2:20  Barracks Reactor  
  24  2:29  SCV  
  25  2:41  SCV  
  25  2:43  Command Center  
  26  2:52  Orbital Command  
  26  2:53  SCV  
  27  3:01  Starport  
  27  3:04  Refinery  
  27  3:08  SCV  
  27  3:09  Hellion  
  27  3:12  Hellion  
  32  3:17  Barracks Tech Lab  
  32  3:18  SCV  
  33  3:25  SCV  
  34  3:31  Hellion  
  34  3:34  Hellion, SCV  
  39  3:43  SCV  
  39  3:46  SCV  
  39  3:48  Banshee  
  44  3:55  SCV, Cloaking Field  
  45  3:56  Orbital Command  
  45  4:00  SCV  
  45  4:02  Hellion x2  
  50  4:04  Barracks Tech Lab  
  50  4:07  SCV  
  51  4:12  Supply Depot  
  51  4:15  SCV  
  52  4:19  SCV  
  52  4:23  SCV  
  54  4:25  Marine  
  54  4:27  SCV  
  54  4:29  Barracks  
  54  4:31  SCV  
  57  4:33  Barracks  
  57  4:35  SCV  
  57  4:38  Banshee  
  56  4:40  SCV  
  56  4:41  Factory Reactor  
  56  4:42  Supply Depot  
  60  4:46  SCV  
  60  4:47  SCV  
  60  4:49  Stimpack, Marine  
  60  4:52  SCV  
  64  4:58  SCV  
  65  5:02  Refinery x2, SCV  
  65  5:04  SCV  
  65  5:05  Supply Depot, Engineering Bay  
  67  5:07  Orbital Command  
  67  5:08  Engineering Bay, Marine  
  67  5:10  SCV  
  69  5:20  Marine x2  
  71  5:22  SCV x2  
  73  5:28  Barracks  
  73  5:29  Barracks  
  73  5:32  Starport Reactor, Marine x3, Supply Depot  
  73  5:33  Siege Tank  
  73  5:34  SCV  
  80  5:39  SCV  
  80  5:40  SCV  
  80  5:41  Terran Infantry Weapons Level 1  
  82  5:44  Terran Infantry Armor Level 1  
  82  5:49  Marine  
  82  5:50  Marine  
  82  5:51  SCV  
  82  5:54  SCV  
  82  5:55  Supply Depot  
  86  5:57  Supply Depot  
  86  5:58  Supply Depot  
  86  5:59  SCV  
  86  6:01  Marine x2  
  86  6:03  SCV  
  90  6:04  Marine  
  90  6:07  SCV  
  90  6:11  SCV  
  93  6:17  Marine x2, SCV, Siege Tank  
  93  6:18  Barracks Reactor x2  
  99  6:21  SCV  
  99  6:23  SCV  
  99  6:25  Medivac x2  
  105  6:26  Marine x2  
  107  6:35  Marine x2  
  107  6:36  SCV  
  107  6:39  SCV x2  
  101  6:42  Marine  
  101  6:43  Supply Depot  
  101  6:44  Combat Shield, Marine  
  103  6:48  Factory, SCV  
  103  6:49  Supply Depot, Refinery  
  103  6:50  Marine  
  103  6:52  Marine  
  106  6:54  Marine x3  
  106  6:56  Siege Tank  
  106  7:00  SCV x3  
  115  7:01  Marine x2  
  115  7:04  Marine  
  118  7:09  Marine x2  
  118  7:12  Sensor Tower  
  118  7:14  Marine x2, Command Center  
  122  7:18  Marine  
  122  7:21  Marine x2, SCV  
  123  7:23  Medivac x2  
  123  7:27  SCV  
  123  7:29  Marine x2  
  130  7:30  Marine  
  130  7:36  Supply Depot  
  131  7:39  Supply Depot, Armory  
  131  7:41  Marine x2  
  133  7:48  Supply Depot  
  133  7:51  Supply Depot, Factory Reactor  
  133  7:57  Marine x4  
  133  7:58  Siege Tank, SCV  
  141  7:59  Marine x2, SCV  
  141  8:00  Marine  
  141  8:01  Marine x2  
  137  8:07  Medivac x2  
  141  8:15  Marine x4  
  141  8:17  Marine x2  
  148  8:20  SCV x2  
  148  8:21  Marine x2  
  148  8:23  Barracks  
  148  8:24  Barracks  
  148  8:25  Barracks, Marine  
  148  8:27  Supply Depot  
  152  8:28  Supply Depot, Widow Mine  
  152  8:29  Widow Mine  
  152  8:30  SCV  
  152  8:33  Marine x2, Widow Mine  
  161  8:38  Medivac x2  
  161  8:39  Marine x2  
  163  8:46  Marine x4, Drilling Claws  
  167  8:49  SCV  
  167  8:53  Marine, Widow Mine x2  
  167  8:54  SCV x2  
  175  8:58  Terran Infantry Armor Level 2  
  175  9:01  Terran Infantry Weapons Level 2  
  175  9:02  Marine x2  
  160  9:04  Marine x2  
  160  9:08  Marine x3  
  165  9:16  Barracks Tech Lab x3  
  165  9:18  Marine x2  
  165  9:20  Marine  
  165  9:23  Marine x3  
  171  9:24  SCV x2  
  171  9:27  Planetary Fortress  
  171  9:30  Widow Mine x2  
  171  9:31  Marine, Widow Mine  
  180  9:33  Marine x2  
  180  9:37  Refinery  
  180  9:38  Marauder  
  184  9:40  Ghost Academy  
  184  9:42  Marine x2, Marauder  
  184  9:43  Marine  
  189  9:52  Marine x2, Marauder  
  195  9:53  Marauder  
  195  9:58  Marine x2  
  195  9:59  Marine, Marauder  
  187  10:00  Marine  
  187  10:03  Marauder  
  187  10:04  Marine x2  
  169  10:08  Widow Mine x2  
  169  10:09  Marine  
  169  10:10  Marine  
  169  10:12  Widow Mine  
  169  10:13  Marauder  
  181  10:14  Marauder  
  181  10:16  Marine  
  182  10:25  Marine x2, Marauder  
  182  10:26  Marine, Command Center  
  183  10:28  Command Center  
  183  10:30  Marine x2  
  183  10:31  Marine x2  
  188  10:36  Widow Mine x2  
  188  10:39  Refinery, Widow Mine  
  188  10:41  Medivac x2  
  194  10:46  Marine  
  194  10:47  Marauder  
  192  10:55  Marine  
  195  10:57  Marine  
  195  10:58  Marine  
  195  10:59  Widow Mine  
  195  11:04  Supply Depot  
  195  11:05  Supply Depot  
  195  11:06  Widow Mine x2  
  199  11:11  Marine  
  199  11:17  Starport, Fusion Core  
  200  11:23  Terran Infantry Weapons Level 3, Terran Infantry Armor Level 3  
  200  11:24  Marine x3, Marauder x2  
  200  11:25  Marine x2, Marauder x2  
  182  11:26  Marine x2  
  182  11:29  Marine  
  182  11:30  Widow Mine x2  
  189  11:34  Widow Mine  
  189  11:36  SCV x2  
  193  11:40  Concussive Shells  
  193  11:42  Marine x2  
  193  11:45  Marine x2  
  193  11:46  Marauder  
  197  11:51  Marine, Marauder  
  197  11:52  Marauder  
  197  11:53  Marine x2  
  195  11:59  Marine x2  
  195  12:00  Marauder  
  195  12:01  Marine  
  198  12:02  Marine  
  198  12:07  Marine, Marauder  
  188  12:09  Marine  
  188  12:10  Widow Mine  
  188  12:11  Marine, Widow Mine x2  
  188  12:12  Marine  
  188  12:13  Marauder x2  
  197  12:17  Marine x2  
  197  12:19  Marine  
  197  12:21  Marauder  
  196  12:24  Advanced Ballistics  
  196  12:25  Starport Reactor  
  194  12:30  Orbital Command  
  194  12:31  Planetary Fortress  
  194  12:32  Marine x2  
  194  12:33  Ghost x2  
  200  12:41  Command Center  
  198  12:51  Ghost x2  
  198  12:55  Widow Mine x3  
  196  12:59  Medivac  
  196  13:00  Medivac  
  196  13:04  Marine  
  200  13:12  Marine  
  187  13:13  Marauder x2  
  187  13:19  Liberator  
  192  13:20  Ghost, Liberator  
  194  13:39  Medivac x2  
  194  13:40  Marine  
  194  13:41  Marine, Marauder x3  
  192  13:44  Marine  
  192  13:45  Marine x2  
  192  13:46  Marine x2  
  152  13:49  Marauder  
  152  13:50  SCV x3  
  152  13:51  SCV x2  
  152  13:53  Marine  
  157  13:58  Marine  
  157  14:02  Marauder x2  
  164  14:03  Marauder  
  164  14:04  Widow Mine x2  
  164  14:05  Siege Tank  
  164  14:08  Liberator  
  164  14:09  Liberator  
  177  14:10  SCV x3  
  177  14:11  Planetary Fortress  
  178  14:17  Refinery  
  178  14:18  Sensor Tower, Personal Cloaking, Terran Vehicle And Ship Armor Level 1  
  178  14:19  Marine  
  178  14:20  Marine x4  
  185  14:27  Ghost  
  185  14:28  Sensor Tower, Missile Turret  
  185  14:29  Widow Mine x2  
  189  14:37  Siege Tank  
  183  14:45  Ghost x2  
  183  14:50  Ghost  
  183  14:51  Caduceus Reactor  
  187  14:54  Liberator  
  190  15:02  Command Center  
  190  15:03  Command Center  
  190  15:05  Command Center  
  190  15:09  Ghost  
  192  15:15  Ghost  
  192  15:20  Ghost  
  183  15:32  Siege Tank, Widow Mine x2  
  183  15:33  Marine x4  
  183  15:35  Marine x2  
  190  15:42  Marine x2  
  189  15:43  Marauder x2  
  189  15:44  Marine  
  189  15:49  Marine  
  191  15:51  Marine  
  192  16:02  Ghost  
  192  16:03  Ghost  
  196  16:08  Marine x2, Marauder  
  197  16:14  Ghost  
  197  16:15  Marine x3  
  197  16:17  Orbital Command  
  187  16:25  Planetary Fortress  
  187  16:27  Refinery  
  187  16:29  Ghost, Refinery, Widow Mine x2  
  187  16:30  Ghost, Missile Turret  
  187  16:31  Siege Tank  
  187  16:32  Missile Turret  
  198  16:39  Command Center  
  198  17:09  Missile Turret x2  
  198  17:13  Sensor Tower  
  198  17:18  Missile Turret  
  198  17:19  Missile Turret  
  198  17:20  Missile Turret  
  197  17:28  Siege Tank  
  197  17:29  Widow Mine x2  
  189  17:32  Ghost x3  
  189  17:33  Marine x2  
  189  17:34  Marine  
  191  17:37  Marine x4  
  191  17:39  Missile Turret  
  191  17:43  Liberator  
  198  17:45  Liberator  
  178  18:00  Marine x3, Siege Tank  
  178  18:01  Ghost x3  
  185  18:08  Marine x2  
  185  18:09  Marauder  
  189  18:15  SCV x2  
  185  18:29  Widow Mine x2  
  185  18:32  Siege Tank, Liberator x2  
  189  18:52  Ghost x2  
  189  18:53  Ghost  
  189  18:54  Marine x2, Marauder  
  199  19:07  Marine  
  196  19:16  Marauder  
  198  19:19  Marine  
  198  19:22  Marine  
  200  19:30  Siege Tank, Widow Mine x2  
  199  19:33  Factory  
  199  19:35  Marine  
  199  19:36  Factory  
  200  19:43  Planetary Fortress  
  200  19:44  Refinery  
  199  19:51  Refinery  
  199  19:53  Marine  
  200  20:02  Missile Turret x2  
  200  20:04  Sensor Tower, Orbital Command  
  200  20:10  Command Center  
  192  20:17  Marine x2  
  192  20:18  Marauder x2  
  198  20:27  Missile Turret  
  198  20:28  Missile Turret  
  198  20:30  Hi-Sec Auto Tracking  
  198  20:31  Missile Turret  
  198  20:37  Marauder  
  196  21:09  Siege Tank  
  199  21:11  Factory Tech Lab x2  
  199  21:17  Barracks Tech Lab  
  199  21:20  Command Center  
  199  21:21  Barracks Tech Lab  
  199  21:31  Terran Vehicle And Ship Armor Level 2  
  199  21:34  Armory  
  199  21:45  Missile Turret x2  
  199  22:03  Barracks Tech Lab  
  199  22:11  Ghost  
  199  22:12  Ghost  
  184  22:18  Siege Tank x3  
  184  22:20  Widow Mine x2  
  184  22:21  Liberator  
  192  22:31  SCV  
  192  22:32  SCV x2  
  192  22:34  Marine x2, Marauder x2  
  198  22:55  Orbital Command  
  198  22:57  Widow Mine  
  200  23:01  Terran Vehicle Weapons Level 1  
  200  23:02  Command Center  
  185  23:28  Siege Tank x3  
  194  23:40  Liberator x2  
  192  23:41  Liberator x2  
  192  23:44  Widow Mine  
  197  23:53  Marine x2  
  197  23:54  Marauder  
  200  23:57  SCV x4  
  200  24:00  Ghost  
  195  24:05  Marine  
  195  24:06  Marine x3, Marauder  
  197  24:12  SCV x2  
  196  24:18  Siege Tank  
  196  24:22  Marine  
  200  24:47  Ghost  
  200  24:51  Sensor Tower  
  200  24:52  Missile Turret  
  200  24:54  Refinery  
  199  25:05  Marine  
  199  25:06  Marauder x2  
  188  25:07  SCV x4  
  188  25:13  Marine  
  188  25:14  Marine, Marauder  
  193  25:18  Medivac x2  
  193  25:21  Siege Tank  
  200  25:30  Command Center  
  200  25:32  Command Center  
  200  25:34  Refinery  
  200  25:35  Refinery  
  198  26:03  SCV x2  
  164  26:21  Ghost x3  
  164  26:23  Ghost x2  
  164  26:24  Marine x3  
  176  26:30  Siege Tank x2  
  182  26:33  Siege Tank, Widow Mine x2  
  182  26:34  Planetary Fortress  
  182  26:36  Marine  
  182  26:37  Marauder  
  182  26:38  Orbital Command  
  192  26:42  Marine x3  
  192  26:43  Liberator x2  
  192  26:45  Liberator  
  198  26:50  Marauder  
  200  26:58  Orbital Command  
  194  27:22  Orbital Command  
  187  27:24  SCV  
  187  27:25  SCV x3  
  187  27:26  Ghost x2  
  195  27:33  Siege Tank  
  195  27:34  Siege Tank x2  
  193  27:45  Widow Mine x2  
  193  27:49  Marine, Marauder  
  199  27:52  Marine  
  199  27:57  Marine, Marauder  
  199  28:03  Marine  
Tags
 
Add a new tag
Caveats
  • Supply blocks, unpowered buildings, or Contaminate may cause inaccurate times.
  • Supply counts are checked every 10 seconds.